 Dungeon Crawl Stone Soup version 0.28.0-43-g3370ac3207 (webtiles) character file.

Game seed: 14047777593197940550

7357 issech the Cleaver (level 10, -4/90 HPs)
             Began as a Troll Monk on Mar 14, 2022.
             Was an Elder of Hepliaklqana.
             Slain by an orc knight
             ... wielding a +0 halberd
              (13 damage)
             ... in a bailey.
             The game lasted 00:35:05 (7394 turns).

issech the Cleaver (Troll Monk)                     Turns: 7394, Time: 00:35:06

Health: -4/90      AC:  4    Str: 25    XL:     10   Next: 91%
Magic:  9/9        EV:  9    Int: 15    God:    Hepliaklqana [****..]
Gold:   513        SH: 19    Dex: 16    Spells: 9/9 levels left

rFire   . . .      SeeInvis .   n - +2 war axe (vorpal)
rCold   x . .      Faith    .   C - +0 tower shield "Omeymm" {rC- Regen+ Str+4 Int+9}
rNeg    . . .      Spirit   .   b - +0 robe
rPois   .          Reflect  +   (helmet restricted)
rElec   .          Harm     .   (no cloak)
rCorr   .          Rampage  .   (gloves unavailable)
Will    +....                   (boots unavailable)
Stlth   ++........              w - amulet of reflection
HPRegen 1.85/turn               d - +4 ring of slaying
MPRegen 0.11/turn               S - ring of willpower

@: no status effects
A: reduced essence, large, unfitting armour, claws 3, regeneration 1, shaggy fur
1, tough skin 1
a: Renounce Religion, Recall Ancestor, Ancestor Identity, Transference, Idealise


You were in a bailey.
You worshipped Hepliaklqana.
Hepliaklqana was greatly pleased with you.
You visited 2 branches of the dungeon, and saw 10 of its levels.
You also visited: Sewer and Bailey.

You collected 513 gold pieces.

Inventory:

Hand Weapons
 n - a +2 vorpal war axe (weapon)
 E - a +1 short sword of distortion
 F - a +2 whip of venom
 J - a +5 scythe of venom
 L - a +0 hand crossbow
 O - a +2 whip of holy wrath
 P - a +0 dire flail
 R - a +0 giant club
 W - a +2 mace
 X - a +3 flail
 Y - a +2 spear of freezing
 Z - a +2 hand axe
Missiles
 a - 310 bolts
 c - 195 stones (quivered)
 e - 50 sling bullets
 g - 26 poisoned darts
 j - 5 datura-tipped darts
 k - 5 atropa-tipped darts
 B - 6 boomerangs
 I - 80 arrows
 Q - a throwing net
Armour
 b - a +0 robe (worn)
 f - a +0 tower shield of protection
 C - the +0 tower shield "Omeymm" (worn) {rC- Regen+ Str+4 Int+9}
   (You acquired it on level 5 of the Dungeon)

   Str:       It affects your strength (+4).
   Int:       It affects your intelligence (+9).
   rC:        It makes you vulnerable to cold.
   Regen:     It increases your rate of health regeneration.
Magical Staves
 r - a staff of poison
Jewellery
 d - a +4 ring of slaying (left claw)
 w - an amulet of reflection (around neck)
 H - a ring of wizardry
 S - a ring of willpower (right claw)
 T - a ring of magical power
Wands
 G - a wand of acid (13)
 K - a wand of iceblast (8)
Scrolls
 p - 3 scrolls of blinking
 s - 6 scrolls of teleportation
 u - a scroll of enchant armour
 v - a scroll of fog
 x - a scroll of identify
 y - a scroll of vulnerability
 V - a scroll of fear
Potions
 h - 2 potions of ambrosia {unknown}
 i - a potion of lignification {unknown}
 l - 4 potions of might {unknown}
 m - 2 potions of berserk rage {unknown}
 o - a potion of resistance {unknown}
 q - 4 potions of curing {unknown}
 t - a potion of haste {unknown}
 z - a potion of flight {unknown}
 A - a potion of degeneration {unknown}
 D - a potion of heal wounds {unknown}
 M - a potion of cancellation {unknown}
 U - a potion of brilliance {unknown}


   Skills:
 + Level 6.3 Fighting
 + Level 9.0(9.5) Axes
 + Level 4.7(7.9) Maces & Flails
 + Level 6.0 Dodging
 + Level 3.3 Stealth
 + Level 4.5 Shields


You had 9 spell levels left.
You didn't know any spells.
Your spell library contained the following spells:

 Spells                   Type           Power      Damage    Failure   Level
 Animate Skeleton         Necr           0%         N/A       86%         1
 Apportation              Tloc           0%         N/A       86%         1
 Sandblast                Erth           0%         2d4       86%         1
 Slow                     Hex            0%         N/A       86%         1
 Summon Small Mammal      Summ           0%         N/A       86%         1
 Blink                    Tloc           0%         N/A       95%         2
 Ensorcelled Hibernation  Hex/Ice        0%         N/A       95%         2
 Passwall                 Tmut/Erth      0%         N/A       95%         2
 Static Discharge         Conj/Air       0%         N/A       95%         2
 Sublimation of Blood     Necr           0%         N/A       95%         2
 Call Canine Familiar     Summ           0%         N/A       99%         3
 Confusing Touch          Hex            0%         N/A       99%         3
 Inner Flame              Hex/Fire       0%         N/A       99%         3
 Stone Arrow              Conj/Erth      0%         3d7       99%         3
 Summon Guardian Golem    Hex/Summ       0%         N/A       99%         3
 Swiftness                Air            0%         N/A       99%         3
 Vampiric Draining        Necr           0%         2d6       99%         3
 Cause Fear               Hex            0%         N/A       100%        4
 Dispel Undead            Necr           0%         3d6       100%        4
 Petrify                  Tmut/Erth      0%         N/A       100%        4
 Sticky Flame             Conj/Fire      0%         2d3       100%        4
 Irradiate                Conj/Tmut      0%         3d13      100%        5
 Manifold Assault         Tloc           0%         N/A       100%        5
 Storm Form               Tmut/Air       0%         N/A       100%        7
 Borgnjor's Revivificati  Necr           0%         N/A       100%        8
 Discord                  Hex            0%         N/A       100%        8
 Necromutation            Tmut/Necr      0%         N/A       100%        8
 Death's Door             Necr           0%         N/A       100%        9


Dungeon Overview and Level Annotations

Branches:
Dungeon (9/15)             Temple (1/1) D:4           Sewer (visited)
 Bailey (1/1)
   Lair: D:8-11         Orc: D:9-12

Altars:
Ashenzari
Cheibriados
Dithmenos
Elyvilon
Fedhas
Gozag
Hepliaklqana
Kikubaaqudgha
Makhleb
Nemelex Xobeh
Okawaru
Qazlal
Ru
Sif Muna
Trog
Uskayaw
Vehumet
Wu Jian
Xom
Yredelemnul
Zin
The Shining One
Beogh

Shops:
D:6 (

Annotations:
D:8 2 transporters


Innate Abilities, Weirdness & Mutations

Your life essence is reduced to manifest your ancestor. (-10% HP)
You are too large for most types of armour.
You have claws for hands.
Your natural rate of healing is unusually fast.
You are covered in fur. (AC +1)
You have tough skin. (AC +1)


Message History

Manelesi casts a spell at the orc knight.
The stone arrow hits the orc knight!
The orc knight roars a battlecry!
The orc knight goes into a battle-frenzy!
Manelesi hits the orc knight with a +0 quarterstaff!
The orc knight roars a battlecry!
The orc knight goes into a battle-frenzy!
Manelesi hits the orc knight with a +0 quarterstaff!
You swap places.
You block the orc knight's attack. The orc knight closely misses you.
You block the orc warrior's attack.
You barely miss the orc knight.
The orc knight is moderately wounded.
You block the orc knight's attack. You block the orc warrior's attack.
Manelesi closely misses the orc knight.
The orc knight hits you with a +0 trident!!
You block the orc knight's attack. The orc warrior barely misses you.
You closely miss the orc knight.
The orc knight is moderately wounded.
Manelesi hits the orc knight with a +0 quarterstaff!
You block the orc knight's attack. x2
The orc warrior hits you from afar with a +0 halberd!!
Manelesi gestures at the orc knight while chanting.
The stone arrow misses the orc knight.
The stone arrow hits the orc knight!
You slash the orc knight!
The orc knight is severely wounded.
You block the orc knight's attack. You block the orc warrior's attack.
Manelesi misses the orc knight.
You hit the orc knight but do no damage.
The orc knight is severely wounded.
You barely miss the orc knight.
The orc knight hits you with a +0 trident!
You block the orc knight's attack. You block the orc warrior's attack.
Manelesi misses the orc knight.
The orc knight hits you with a +0 halberd!!
* * * LOW HITPOINT WARNING * * *
The orc knight completely misses you. You block the orc warrior's attack.
Manelesi casts a spell at the orc knight.
The stone arrow hits the orc knight!
The orc knight hits you from afar with a +0 halberd!
You die...

)≈≈≈...#########...≈≈≈.≈≈......#
......##.......##..............#
.....##..#'#'#..##.............#
.....#..##)#)##..#.............#
....##.#########.##............#
....##.')#:.)#.'.##............#
....##.###.8.###.##............#
....##.'.#o..#)'.##............#
..).##.####o####@##............#
)...##..##∩)o##.R#.............#
.)......##')'#oo##.............#
........##....o##..............#
)≈≈≈....##....##...≈≈≈.≈≈......#
.##≈....#######....≈##.#≈≈.....#
.∩#≈...............≈#∩.##≈.....#
...................))...#≈.....#
.##≈...............≈##.##≈.....#


You could see the friendly Manelesi the battlemage, 2 orc knights and an orc
warrior (strong).

Vanquished Creatures
  Erolcha (D:9)
  The ghost of nickcage the Cudgeller, an amateur MiFi (D:4)
  4 yaks (D:8)
  3 water moccasins
  A black bear (D:5)
  8 orc warriors
  2 centaurs
  A kobold brigand (D:7)
  A bullfrog (Sewer)
  A water moccasin zombie (D:6)
  2 scorpions
  2 wights (D:9)
  A howler monkey (D:5)
  A bullfrog zombie (D:6)
  A centaur zombie (D:7)
  2 jellies
  2 hounds
  2 orc priests (D:5)
  An iguana (D:5)
  Natasha (twice) (D:4)
  4 gnolls
  11 adders
  A howler monkey skeleton (D:7)
  A white imp (D:7)
  2 adder skeletons
  5 worms
  2 dart slugs (D:4)
  16 orcs
  5 endoplasms
  9 giant cockroaches
  5 goblins
  5 hobgoblins
  3 jackals (D:1)
  8 quokkas
  14 ball pythons
  7 bats
  9 frilled lizards
  15 kobolds
  3 rats
164 creatures vanquished.

Vanquished Creatures (collateral kills)
  Harold (D:8)
  The ghost of issech the Cudgeller, a novice TrMo (D:4)
  A troll (D:9)
  4 yaks (D:8)
  Sigmund (D:6)
  A steam dragon (D:8)
  An acid dragon (D:9)
  4 orc warriors
  An ice beast (D:8)
  A sky beast (D:7)
  2 black bears
  A necrophage (D:7)
  A kobold brigand (D:5)
  A water moccasin zombie (D:6)
  3 wights (D:9)
  A centaur zombie (D:8)
  An iguana (D:5)
  Natasha (D:4)
  2 orc wizards
  A killer bee zombie (D:7)
  A howler monkey zombie (D:9)
  4 gnolls
  11 orcs
  A hobgoblin (D:4)
  A ball python (D:4)
  3 kobolds
51 creatures vanquished.

Vanquished Creatures (others)
  2 battlemagi
  A kobold (D:5)
3 creatures vanquished.

Grand Total: 218 creatures vanquished

Notes
Turn   | Place    | Note
-------+----------+-------------------------------------------
     0 | D:1      | issech the Troll Monk began the quest for the Orb.
     0 | D:1      | Reached XP level 1. HP: 22/22 MP: 0/0
   139 | D:1      | Reached XP level 2. HP: 22/29 MP: 1/1
   539 | D:2      | Reached XP level 3. HP: 36/36 MP: 2/2
   932 | D:2      | Reached XP level 4. HP: 33/44 MP: 3/3
   959 | D:2      | Found a faded altar of an unknown god.
  1278 | D:3      | Found a glowing drain.
  1341 | Sewer    | Entered a sewer
  1731 | Sewer    | Reached XP level 5. HP: 52/53 MP: 4/4
  1844 | D:3      | Identified the +1 ring mail "Osudgh" {rN+}
  2070 | D:3      | Found a radiant altar of Vehumet.
  2417 | D:4      | Noticed Natasha
  2424 | D:4      | Killed Natasha
  2477 | D:4      | Noticed Natasha
  2485 | D:4      | Killed Natasha
  2506 | D:4      | Found a staircase to the Ecumenical Temple.
  2526 | Temple   | Entered the Ecumenical Temple
  2713 | Temple   | Became a worshipper of Hepliaklqana the Forgotten
  2713 | Temple   | Reached * piety under Hepliaklqana
  2713 | Temple   | Reached ** piety under Hepliaklqana
  2714 | Temple   | Remembered your ancestor Manelesi as a battlemage
  2790 | D:4      | Reached XP level 6. HP: 54/54 MP: 5/5
  2869 | D:4      | Found a runed translucent door.
  2871 | D:4      | Noticed nickcage's ghost (amateur MiFi)
  2958 | D:4      | Noticed Natasha
  2965 | D:4      | Killed Natasha
  2968 | D:4      | Found a burning altar of Makhleb.
  2968 | D:4      | Found a shimmering blue altar of Sif Muna.
  2970 | D:4      | Found an ancient bone altar of Kikubaaqudgha.
  2973 | D:4      | Found a snail-covered altar of Cheibriados.
  3358 | D:4      | Killed nickcage's ghost
  3359 | D:4      | Reached skill level 2 in Axes
  3359 | D:4      | Reached XP level 7. HP: 21/61 MP: 6/6
  3447 | D:5      | Entered Level 5 of the Dungeon
  3827 | D:5      | Found a bloodstained altar of Trog.
  3833 | D:5      | Reached skill level 3 in Axes
  4058 | D:5      | Reached skill level 4 in Axes
  4058 | D:5      | Reached XP level 8. HP: 69/70 MP: 7/7
  4187 | D:5      | Identified a scroll of acquirement
  4188 | D:5      | Acquired the +0 tower shield "Omeymm" {rC- Regen+ Str+4
                  | Int+9}
  4286 | D:5      | Found a runed translucent gate.
  4286 | D:5      | Found a runed translucent gate.
  4286 | D:5      | Noticed issech's ghost (novice TrMo)
  4287 | D:5      | Found a runed translucent gate.
  4514 | D:4      | Killed issech's ghost
  4515 | D:4      | Reached skill level 5 in Axes
  4515 | D:4      | Reached skill level 1 in Shields
  4956 | D:6      | Noticed Sigmund
  4962 | D:6      | Reached skill level 6 in Axes
  4965 | D:6      | Killed Sigmund
  4966 | D:6      | Reached XP level 9. HP: 70/76 MP: 8/8
  5002 | D:6      | Reached *** piety under Hepliaklqana
  5028 | D:6      | Found Jeqiemeli's Antique Weapon Emporium.
  5494 | D:7      | Reached skill level 5 in Fighting
  5494 | D:7      | Reached skill level 5 in Dodging
  5561 | D:7      | Reached skill level 7 in Axes
  6119 | D:8      | Noticed Harold
  6128 | D:8      | Killed Harold
  6175 | D:8      | Found a transporter.
  6226 | D:8      | Reached XP level 10. HP: 86/86 MP: 9/9
  6271 | D:8      | Reached skill level 8 in Axes
  6576 | D:8      | Found a transporter.
  6578 | D:8      | Noticed a two-headed ogre
  6762 | D:9      | Noticed Erolcha
  6780 | D:9      | Killed Erolcha
  6821 | D:9      | Found a flagged portal.
  6861 | Bailey   | Entered a bailey
  7060 | Bailey   | Reached **** piety under Hepliaklqana
  7101 | Bailey   | Reached skill level 9 in Axes
  7375 | Bailey   | Acquired a +0 tower shield of protection
  7379 | Bailey   | Noticed an orc knight
  7379 | Bailey   | Noticed an orc knight
  7394 | Bailey   | Slain by an orc knight

Illustrated notes

Levels and vault maps discovered:
D:1:      dpeg_arrival_rooms_b, layout_rooms, serial_park_tiny_1,
          serial_bayou_crossing
D:2:      layout_loops_cross, chequers_ecumenical_altar_simple_redux
D:3:      layout_loops_ring, vehumet_crystals, cheibrodos_sewer_entry_sluice
D:4:      layout_gridville, grunt_temple_overflow_cloverleaf, temple_statues,
          ebering_ghost_sewer_d, hangedman_abyss_or_decor_stabs, uniq_natasha
D:5:      layout_layer_cave, trog_ov_bears_minmay,
          gammafunk_ghost_nasty_kobolds, minmay_strange_pillars,
          nicolae_elevator_lobby_plus
D:6:      layout_basic, grunt_ministairs_9, nicolae_stop_n_shop_2, uniq_sigmund
D:7:      layout_loops_ring
D:8:      gammafunk_beogh_shrine, layout_basic, uniq_harold
D:9:      layout_rooms, enter_bailey_6, minmay_misc_feat_diagonals, st_stairs_2,
          abandoned_shop, uniq_erolcha
Temple:   eino_temple_rhombus
Bailey:   bailey_polearm_2, bailey

Skill      XL: |  1  2  3  4  5  6  7  8  9 10 |
---------------+-------------------------------+-----
Maces & Flails | 3 4 |  4.7
Dodging        | 3 4 5 6 |  6.0
Fighting       | 3 4 5 6 |  6.3
Axes           | 2 4 6 7 9 |  9.0
Stealth        | 2 3 |  3.3
Shields        | 1 3 4 |  4.5

Action                   |  1- 3 |  4- 6 |  7- 9 | 10-12 || total
-------------------------+-------+-------+-------+-------++-------
Melee: Mace              |   107 |   113 |       |       ||   220
       Punch             |     2 |     2 |     1 |       ||     5
       War axe           |       |    46 |   110 |    54 ||   210
Throw: Stone             |       |     1 |       |       ||     1
Invok: Ancestor Life: Ba |       |     1 |       |       ||     1
  Use: Scroll            |       |     5 |     4 |     4 ||    13
 Stab: Sleeping          |     3 |     1 |     1 |     4 ||     9
       Distracted        |       |       |     2 |     3 ||     5
Armor: Robe              |    60 |    54 |    10 |     3 ||   127
Dodge: Dodged            |    86 |    88 |    31 |    17 ||   222
Block: Other             |       |     4 |     5 |       ||     9
       Tower shield      |       |       |    87 |    71 ||   158
       Reflection        |       |       |     4 |    21 ||    25
